 Dungeon Crawl Stone Soup version 0.32-a0-876-gcfddb08e57 (webtiles) character file.

Game seed: 9567588533945068767

121 retardedninja the Trooper (level 5, -2/42 HPs)
             Began as a Coglin Fighter on Apr 1, 2024.
             Slain by Sigmund
             ... wielding a +0 scythe
              (5 damage)
             ... on level 2 of the Dungeon.
             The game lasted 00:03:21 (1831 turns).

retardedninja the Trooper (Coglin Fighter)          Turns: 1831, Time: 00:03:22

Health: -2/42      AC:  6    Str: 18    XL:     5   Next: 5%
Magic:  5/5        EV:  8    Int:  8    God:
Gold:   72         SH:  0    Dex: 13    Spells: 4/4 levels left

rFire   . . .        a - +0 war axe {Consuela}
rCold   . . .        e - +0 club {Prasit}
rNeg    . . .        b - +0 scale mail
rPois   .            (no helmet)
rElec   .            (no cloak)
rCorr   .            (no gloves)
SInv    .            (no boots)
Will    .....        (amulet unavailable) Stlth
                     (ring unavailable)
HPRegen 0.27/turn    (ring unavailable)
MPRegen 0.09/turn    (no gizmo)

%: no passive effects
@: confused, revved
A: off-hand wielding, slow wielding, warmup strikes, no jewellery
a: Invent Gizmo


You were on level 2 of the Dungeon.
You visited 1 branch of the dungeon, and saw 2 of its levels.

You collected 72 gold pieces.

Inventory:

Hand Weapons
 a - a +0 war axe (weapon) {Consuela}
 e - a +0 club (offhand) {Prasit}
Armour
 b - a +0 scale mail (worn)
 h - a +0 helmet
Scrolls
 c - a scroll of immolation {unknown}
 f - 6 scrolls of identify {unknown}
 g - 2 scrolls of teleportation {unknown}
 i - a scroll of fear {unknown}
Potions
 d - a potion of might


   Skills:
 * Level 4.1 Fighting
 * Level 3.5 Axes
 + Level 3.2 Armour
 - Level 2.2 Shields


You had 4 spell levels left.
You didn't know any spells.
Your spell library contained the following spells:

 Spells                   Type           Power      Damage    Failure   Level
 Teleport Other           Tloc           0%         N/A       99%         3
 Dispersal                Tloc           0%         N/A       100%        6
 Gell's Gavotte           Tloc           0%         2d(11-16) 100%        6


Dungeon Overview and Level Annotations

Branches:
Dungeon (2/15)

Altars:

Annotations:
D:2 1 runed translucent door, Crazy Yiuf, Sigmund


Innate Abilities, Weirdness & Mutations

You can wield a second weapon in your off-hand.
It takes a long time for you to wield or remove held weapons.
Your first few attacks do less damage.
You cannot equip rings or amulets.


Message History

Something hits you.
* * * LOW HITPOINT WARNING * * *
You hit something with your +0 club.
You miss something with your +0 war axe.
You hit something with your +0 club.
You barely miss something with your +0 war axe.
You hear some strange, mumbled words.
Something tries to affect you, but you resist.
You hear some strange, mumbled words.
You are confused.
You bump into the rock wall.
Something hits you but does no damage.
You bump into the rock wall.
You hit something with your +0 club.
You miss something with your +0 war axe.
Something hits you.
* * * LOW HITPOINT WARNING * * *
You bump into the rock wall.
Something hits you but does no damage.
You hit something with your +0 war axe.
You completely miss something with your +0 club.
You bump into the rock wall.
You feel less confused. Something hits you.
* * * LOW HITPOINT WARNING * * *
You completely miss something with your +0 club.
You hit something with your +0 war axe.
You hear some strange, mumbled words.
You are confused.
You're too confused to move!
Something hits you.
* * * LOW HITPOINT WARNING * * *
You're too confused to move!
Something hits you but does no damage.
You completely miss something with your +0 club.
You completely miss something with your +0 war axe.
You hear some strange, mumbled words.
A magic dart appears from out of thin air!
The magic dart hits you.
* * * LOW HITPOINT WARNING * * *
You closely miss something with your +0 war axe.
You barely miss something with your +0 club.
Something hits you.
You die...

### #.##############
#....!..@{...... ####
#.############## ...#
#.# ##.# #.#
#.######.#
#......#.#########
#......#.#.......#
#......#.#.#####.####
#.#
#......#.#.#........#
#.#


There were no monsters in sight!

Vanquished Creatures
  Jessica (D:2)
  3 adders (D:2)
  3 dart slugs (D:1)
  A ribbon worm (D:2)
  4 ball pythons
  9 bats
  4 endoplasms (D:1)
  3 giant cockroaches
  4 goblins
  5 hobgoblins
  7 jackals
  2 quokkas (D:1)
  A frilled lizard (D:2)
  3 kobolds
  3 rats
53 creatures vanquished.

Notes
Turn   | Place    | Note
-------+----------+-------------------------------------------
     0 | D:1      | retardedninja the Coglin Fighter began the quest for the
                  | Orb.
     0 | D:1      | Reached XP level 1. HP: 18/18 MP: 1/1
    82 | D:1      | Reached XP level 2. HP: 22/24 MP: 2/2
   251 | D:1      | Reached XP level 3. HP: 26/29 MP: 3/3
   610 | D:1      | Found a faded altar of an unknown god.
   925 | D:2      | Reached XP level 4. HP: 29/37 MP: 4/4
  1066 | D:2      | Noticed Jessica
  1091 | D:2      | Killed Jessica
  1092 | D:2      | Reached skill level 4 in Fighting
  1336 | D:2      | Found a runed translucent door.
  1337 | D:2      | Noticed Crazy Yiuf
  1808 | D:2      | Noticed Sigmund
  1818 | D:2      | Reached XP level 5. HP: 13/42 MP: 5/5
  1831 | D:2      | Slain by Sigmund

Illustrated notes

Levels and vault maps discovered:
D:1:      lightli_iron_boxes, layout_basic,
          hellmonk_ecumenical_altar_arch_garden
D:2:      layout_basic, kennysheep_generic_room_15, uniq_crazy_yiuf_cottage,
          uniq_sigmund, uniq_jessica

Skill      XL: |  1  2  3  4 |
---------------+-------------+-----
Armour         | 3 |  3.2
Axes           | 3 |  3.5
Fighting       | 4 |  4.1
Shields        | |  2.2

Action                     |  1- 3 |  4- 6 || total
---------------------------+-------+-------++-------
  Melee: War axe           |    55 |    55 ||   110
         Club              |    42 |    45 ||    87
 Armour: Scale mail        |    73 |    58 ||   131
  Dodge: Dodged            |    45 |    38 ||    83
  Block: Buckler           |     1 |       ||     1

Table legend: (Time is in decaauts)
 A = Elapsed time spent in this place.
 B = Non-inter-level travel time spent in this place.
 C = Inter-level travel time spent in this place.
 D = Time resting spent in this place.
 E = Time spent auto-exploring this place.
 F = Levels seen in this place.
 G = Mean time per level.
                   A        B        C        D        E       F      G
               +--------+--------+--------+--------+--------+-----+--------+
         Total |   1864 |   1857 |      7 |      0 |   1437 |   2 |  932.0 |
       Dungeon |   1864 |   1857 |      7 |      0 |   1437 |   2 |  932.0 |
               +--------+--------+--------+--------+--------+-----+--------+

Top non-repeatable levels by time:
     D:2: 946 daAuts
     D:1: 918 daAuts
